 Dungeon Crawl Stone Soup version 0.28.0-43-g3370ac3207 (webtiles) character file.

Game seed: 2207690413689302496

277 croobank the Sneak (level 6, -3/36 HPs)
             Began as an Octopode Fire Elementalist on Mar 27, 2022.
             Killed from afar by an orc wizard (4 damage)
             ... with a magic dart
             ... on level 3 of the Dungeon.
             The game lasted 00:09:39 (3598 turns).

croobank the Sneak (Octopode Fire Elementalist)     Turns: 3598, Time: 00:09:49

Health: -3/36      AC:  1    Str:  7    XL:     6   Next: 26%
Magic:  2/10       EV: 14    Int: 19    God:
Gold:   101        SH:  0    Dex: 13    Spells: 4/11 levels left

rFire   . . .      SeeInvis .   a - staff of cold
rCold   + . .      Faith    .   (no shield)
rNeg    . . .      Spirit   .   (helmet restricted)
rPois   .          Reflect  .   (no amulet)
rElec   .          Harm     .   (no ring)
rCorr   .          Rampage  .   (no ring)
Will    .....                   (no ring)
Stlth   ++++......              (no ring)
HPRegen 0.12/turn               (no ring)
MPRegen 0.12/turn               (no ring)
                                (no ring)
                                (no ring)

@: mighty
A: almost no armour, amphibious, 8 rings, camouflage 1, gelatinous body 1,
(nimble swimmer 1), tentacles
a: no special abilities


You were on level 3 of the Dungeon.
You visited 1 branch of the dungeon, and saw 3 of its levels.

You collected 101 gold pieces.

Inventory:

Hand Weapons
 b - a +0 hunting sling
 g - a +0 mace
Missiles
 c - 88 stones
 f - 51 arrows
Magical Staves
 a - a staff of cold (weapon)
Jewellery
 l - an amulet of faith
Wands
 j - a wand of flame (15)
Scrolls
 e - a scroll of enchant armour
 h - a scroll of fog {unknown}
 m - a scroll of brand weapon {unknown}
 n - a scroll of teleportation {unknown}
Potions
 d - a potion of curing


   Skills:
 + Level 3.2 Dodging
 + Level 4.6 Stealth
 + Level 3.1 Spellcasting
 + Level 2.7 Conjurations
 + Level 4.0 Fire Magic


You had 4 spell levels left.
You knew the following spells:

 Your Spells              Type           Power      Damage    Failure   Level
a - Foxfire               Conj/Fire      60%        2x1d7     3%          1
b - Scorch                Fire           36%        2d7       4%          2
c - Flame Wave            Conj/Fire      15%        2d6       36%         4

Your spell library contained the following spells:

 Spells                   Type           Power      Damage    Failure   Level
 Conjure Flame            Conj/Fire      15%        6-21      11%         3
 Inner Flame              Hex/Fire       10%        N/A       21%         3
 Ozocubu's Armour         Ice            4%         N/A       41%         3
 Metabolic Englaciation   Hex/Ice        2%         N/A       99%         5
 Simulacrum               Ice/Necr       2%         N/A       100%        6


Dungeon Overview and Level Annotations

Branches:
Dungeon (3/15)

Altars:

Shops:
D:2 (

Annotations:
D:1 1 runed translucent door


Innate Abilities, Weirdness & Mutations

You cannot wear most types of armour.
You are amphibious.
You can wear up to eight rings at the same time.
Your skin changes colour to match your surroundings (Stealth+).
Your rubbery body absorbs attacks. (AC +1, EV +1)
((You are camouflaged when in or above water. (Stealth+)))
You have tentacles for arms and can constrict up to eight enemies at once.


Message History

You feel better.
The orc wizard gestures at you while chanting.
You resist with some effort. The orc completely misses you. Something hits you.
You closely miss something. Your squeeze misses something.
The orc wizard misses you. The orc misses you.
Something hits you but does no damage.
The orc wizard gestures at you while chanting.
You resist with some effort.
You miss something. The orc hits you with a +0 hand axe.
You hear some strange, mumbled words.
Something tries to affect you, but you resist.
The orc wizard misses you.
You miss something. The orc hits you with a +0 hand axe.
* * * LOW HITPOINT WARNING * * *
Something hits you.
* * * LOW HITPOINT WARNING * * *
The orc wizard barely misses you.
Casting: Scorch (safe; 4% risk of failure)
Confirm with . or Enter, or press ? or * to list all spells.
The spell is extremely dangerous to miscast (36% risk of failure)!
Continue anyway?
Casting: Flame Wave (extremely dangerous; 36% risk of failure)
Press: ? - help, Dir - look around, f - activate A wave of flame ripples out!
The flame wave engulfs the orc wizard.
The orc wizard is moderately wounded.
The flame wave engulfs something!
The flame wave engulfs the orc!
You kill the orc! (Press . to intensify the flame waves.)
You hear some strange, mumbled words.
A magic dart appears from out of thin air!
The magic dart hits you!
* * * LOW HITPOINT WARNING * * *
The orc wizard closely misses you.
A wave of flame ripples out!
The flame wave engulfs the orc wizard.
The orc wizard is severely wounded.
The flame wave engulfs something.
Reactivating autopickup.
You feel a bit more experienced.
The orc wizard points at you and mumbles some strange words.
The magic dart hits you.
You die...

............#........ ##.
.......####........##....
...###.....##.#.......#..
...# #####.)[...##.#.....
#### ###...## .).....
#....##.#.....
##...#........
#...))....<..
#...@o....>..
#..####....... #..#
....... #..# ....... #..#
#...... ### #..... ####


You could see an orc wizard.

Vanquished Creatures
  A centaur skeleton (D:3)
  An orc priest (D:3)
  Jessica (D:3)
  2 orc wizards (D:3)
  Natasha (twice) (D:2)
  2 adders (D:3)
  4 gnolls
  2 dart slugs
  5 orcs
  5 bats
  5 endoplasms
  3 giant cockroaches
  4 goblins
  4 hobgoblins
  2 jackals (D:1)
  5 quokkas
  4 ball pythons
  3 kobolds
55 creatures vanquished.

Vanquished Creatures (others)
  74 foxfires
74 creatures vanquished.

Grand Total: 129 creatures vanquished

Notes
Turn   | Place    | Note
-------+----------+-------------------------------------------
     0 | D:1      | croobank the Octopode Fire Elementalist began the quest for
                  | the Orb.
     0 | D:1      | Reached XP level 1. HP: 11/11 MP: 3/3
     1 | D:1      | Found a runed translucent door.
   295 | D:1      | Reached XP level 2. HP: 12/17 MP: 3/5
   330 | D:1      | Learned a level 2 spell: Scorch
  1081 | D:1      | Reached XP level 3. HP: 21/21 MP: 3/6
  1601 | D:2      | Noticed Natasha
  1610 | D:2      | Killed Natasha
  1806 | D:2      | Reached XP level 4. HP: 23/27 MP: 2/7
  1816 | D:2      | Learned a level 4 spell: Flame Wave
  1886 | D:2      | Found Marih's Antique Weapon Shop.
  2272 | D:2      | Found a faded altar of an unknown god.
  2430 | D:2      | Noticed Natasha
  2443 | D:2      | Killed Natasha
  2554 | D:3      | Reached XP level 5. HP: 26/31 MP: 2/9
  3025 | D:3      | Noticed Jessica
  3034 | D:3      | Killed Jessica
  3487 | D:3      | Reached XP level 6. HP: 36/36 MP: 5/10
  3597 | D:3      | HP: 1/36 [something/magic dart (8)]
  3598 | D:3      | Killed from afar by an orc wizard

Illustrated notes

Levels and vault maps discovered:
D:1:      dpeg_arrival_caged_fury, layout_basic
D:2:      layout_loops_corners, serial_shops, shop,
          ebering_ecumenical_altar_hall, dk_vineyard_2,
          kennysheep_decorative_pillar, uniq_natasha
D:3:      layout_rooms, nicolae_vehumet_altar_sigil, serial_shops,
          nicolae_diamond_shop, uniq_jessica

Skill      XL: |  1  2  3  4  5 |
---------------+----------------+-----
Stealth        | 3 4 |  4.6
Conjurations   | 2 |  2.7
Dodging        | 3 |  3.2
Spellcasting   | 3 |  3.1
Fire Magic     | 4 |  4.0

Action                   |  1- 3 |  4- 6 || total
-------------------------+-------+-------++-------
Melee: Unarmed           |    17 |       ||    17
       Constrict         |     8 |     6 ||    14
       Tentacles         |     5 |     2 ||     7
       Staff             |    18 |    21 ||    39
 Cast: Foxfire           |    18 |    29 ||    47
       Scorch            |    10 |    22 ||    32
       Flame Wave        |       |     1 ||     1
  Use: Scroll            |       |     5 ||     5
       Potion            |       |     4 ||     4
 Stab: Sleeping          |     1 |       ||     1
Armor: Skin              |     9 |     8 ||    17
Dodge: Dodged            |    35 |    39 ||    74
